[Event "Titled Tuesday Blitz July 11 Early 2023"]
[White "Johnson, Ben"]
[Black "UgarteCesar"]
[WhiteFideId "2010917"]
[WhiteElo "2114"]
[BlackElo "2236"]
[Result "0-1"]
[Round "8"]
[TimeControl "180+2"]
[Date "2023.07.11"]
[WhiteClock "0:00:04"]
[BlackClock "0:01:02"]
[Board "165"]

1. Nf3 d5 2. e3 e6 3. c4 Nf6 4. Nc3 Nbd7 5. d4 a6 6. cxd5 exd5 7. Bd3 c6 8. Ne5 Nxe5 9. dxe5 Nd7 10. f4 Qh4+ 11. g3 Qh3 12. Qc2 Nc5 13. Bf1 Qg4 14. b4 Bf5 15. Qd2 Qf3 16. Rg1 Ne4 17. Nxe4 Qxe4 18. a3 a5 19. Bg2 Qc4 20. b5 Qxb5 21. g4 Bd3 22. Bf1 Bxf1 23. Rxf1 a4 24. Kf2 Qa5 25. Rb1 Qxd2+ 26. Bxd2 b5 27. Rfc1 Kd7 28. Bb4 Bxb4 29. axb4 Ra6 30. Rc5 a3 31. Ra1 Rha8 32. Ra2 Ra4 33. Rc3 Rxb4 34. Raxa3 Raa4 35. Kf3 g6 36. h4 Rc4 37. Rd3 Rxa3 38. Rxa3 Ra4 39. Rb3 b4 40. Rb2 c5 41. Rd2 Kc6 42. f5 c4 43. Rg2 c3 44. h5 c2 45. Rxc2+ Kb5 46. hxg6 hxg6 47. fxg6 fxg6 48. e6 Ra6 49. Kf4 Rxe6 50. Rb2 Re4+ 51. Kg5 Rxe3 52. Kxg6 Kc4 53. g5 Kc3 54. Rg2 b3 55. Kf7 b2 56. Rg1 Kc2 57. g6 b1=Q 58. Rxb1 Kxb1 59. g7 Rg3 60. g8=Q Rxg8 61. Kxg8 d4 0-1


[Site "https://www.chess.com"]

[Event "Titled Tuesday Blitz July 11 Early 2023"]
[White "Palacio,Igor Da Paz"]
[Black "Navyblue1"]
[WhiteFideId "2121140"]
[WhiteElo "2212"]
[BlackElo "1767"]
[Result "1/2-1/2"]
[Round "8"]
[TimeControl "180+2"]
[Date "2023.07.11"]
[WhiteClock "0:00:16"]
[BlackClock "0:00:17"]
[Board "166"]

1. e4 c5 2. Nc3 e6 3. g3 a6 4. Bg2 d6 5. d3 Nf6 6. f4 Nc6 7. Nf3 Rb8 8. O-O Be7 9. h3 b5 10. g4 Bb7 11. Be3 b4 12. Na4 Nd7 13. Rb1 Bf6 14. g5 Bd4 15. Qd2 Bxe3+ 16. Qxe3 Nb6 17. Nxb6 Qxb6 18. c3 Ba8 19. c4 Nd4 20. Nxd4 cxd4 21. Qf3 Qc5 22. f5 exf5 23. Qxf5 Qxf5 24. exf5 Bxg2 25. Kxg2 Kd7 26. Rfe1 Rhe8 27. Kf3 Re5 28. Rxe5 dxe5 29. Ke4 Kd6 30. c5+ Kxc5 31. Kxe5 Re8+ 32. Kf4 Re3 33. Rc1+ Kd6 34. Rc4 Rxd3 35. Rxb4 Rxh3 36. Rxd4+ Ke7 37. Re4+ Kd7 38. Kg4 Rh2 39. Rb4 Rg2+ 40. Kh4 Rh2+ 41. Kg4 Rg2+ 42. Kf4 Rf2+ 43. Ke4 Rg2 44. Rb7+ Ke8 45. Rb8+ Ke7 46. Rb7+ Ke8 47. Kf4 Rf2+ 48. Ke4 Rg2 1/2-1/2


[Site "https://www.chess.com"]

[Event "Titled Tuesday Blitz July 11 Early 2023"]
[White "Kowalysko, Roman"]
[Black "Adla, Diego"]
[WhiteFideId "30918510"]
[BlackFideId "100072"]
[WhiteElo "2063"]
[BlackElo "2481"]
[Result "1/2-1/2"]
[Round "8"]
[TimeControl "180+2"]
[Date "2023.07.11"]
[WhiteClock "0:02:18"]
[BlackClock "0:01:17"]
[Board "167"]

1. e4 c5 2. Nc3 d6 3. Bc4 e6 4. a3 Nf6 5. d3 Bd7 6. f4 g6 7. Nf3 Bg7 8. O-O O-O 9. e5 dxe5 10. Nxe5 Nc6 11. Nxd7 Qxd7 12. Ne4 Nxe4 13. dxe4 Rad8 14. Qxd7 Rxd7 15. Be3 b6 16. c3 Na5 17. Bb5 Rd6 18. e5 Rdd8 19. Rad1 Nb7 20. Kf2 Rxd1 21. Rxd1 Rd8 22. Rxd8+ Nxd8 23. b4 cxb4 24. cxb4 Kf8 25. Kf3 Ke7 26. Ke4 Nb7 27. Bc6 Nd8 28. Bb5 Nb7 29. Bc6 Nd8 30. Bb5 1/2-1/2


[Site "https://www.chess.com"]

[Event "Titled Tuesday Blitz July 11 Early 2023"]
[White "Hernandez Bermudez, Ulises Eduardo"]
[Black "Barbot, Pierre"]
[WhiteFideId "3902510"]
[BlackFideId "663727"]
[WhiteElo "2138"]
[BlackElo "2336"]
[Result "0-1"]
[Round "8"]
[TimeControl "180+2"]
[Date "2023.07.11"]
[WhiteClock "0:00:00"]
[BlackClock "0:00:01"]
[Board "168"]

1. e4 c5 2. c3 Nf6 3. e5 Nd5 4. d4 cxd4 5. Qxd4 e6 6. Bd3 Nc6 7. Qe4 d6 8. exd6 Bxd6 9. Nf3 Nf6 10. Qe2 h6 11. O-O O-O 12. Rd1 Qc7 13. Nbd2 Rd8 14. Nc4 Bf8 15. a4 Ne7 16. Ne3 b6 17. b4 Bb7 18. Bb2 Ned5 19. Nxd5 Nxd5 20. Qe1 Nf4 21. Be4 Rac8 22. Bxb7 Qxb7 23. Qe5 Nd3 24. Qe2 Nxb2 25. Qxb2 Qe4 26. Nd4 Rc4 27. f3 Qe3+ 28. Kh1 Rdc8 29. Nb5 a6 30. Nd6 Bxd6 31. Rxd6 Rxc3 32. Rad1 Rc1 33. h3 Rxd1+ 34. Rxd1 Qf4 35. Qf2 g6 36. Qxb6 Rc2 37. Qd8+ Kh7 0-1


[Site "https://www.chess.com"]

[Event "Titled Tuesday Blitz July 11 Early 2023"]
[White "Tarnowska, Aleksandra"]
[Black "Blokhin, Sofia"]
[WhiteFideId "1180967"]
[BlackFideId "4508190"]
[WhiteElo "2110"]
[BlackElo "2280"]
[Result "0-1"]
[Round "8"]
[TimeControl "180+2"]
[Date "2023.07.11"]
[WhiteClock "0:00:00"]
[BlackClock "0:00:39"]
[Board "169"]

1. e4 c5 2. Nf3 e6 3. c3 d5 4. exd5 exd5 5. d4 Nf6 6. Bb5+ Nc6 7. O-O Be7 8. Ne5 Qc7 9. Bf4 Qb6 10. Qa4 Bd7 11. Nxd7 Nxd7 12. dxc5 Nxc5 13. Bxc6+ bxc6 14. Qd4 O-O 15. Be3 Qc7 16. Nd2 Ne6 17. Qg4 f5 18. Qf3 f4 19. Bd4 Nxd4 20. cxd4 Qb6 21. Nb3 a5 22. Qc3 f3 23. Rfe1 Bb4 24. Qd3 Bxe1 25. Rxe1 fxg2 26. Qh3 a4 27. Nc5 Qxb2 28. Qg3 Rae8 29. Ne6 Rf7 30. Kxg2 Qd2 31. Re5 Qh6 0-1


[Site "https://www.chess.com"]

[Event "Titled Tuesday Blitz July 11 Early 2023"]
[White "Dwilewicz, Katarzyna"]
[Black "Ho, In Hei Henry"]
[WhiteFideId "1148486"]
[BlackFideId "6002552"]
[WhiteElo "2271"]
[BlackElo "2137"]
[Result "1-0"]
[Round "8"]
[TimeControl "180+2"]
[Date "2023.07.11"]
[WhiteClock "0:00:26"]
[BlackClock "0:00:03"]
[Board "170"]

1. e4 e6 2. d4 d5 3. exd5 exd5 4. Nf3 Nf6 5. Bd3 Be7 6. O-O O-O 7. Re1 Be6 8. h3 Nbd7 9. Ng5 c5 10. Nxe6 fxe6 11. Rxe6 cxd4 12. Bf4 Nc5 13. Re2 Nfe4 14. Be5 Bf6 15. Bxe4 dxe4 16. Bxf6 Qxf6 17. Nd2 Qf4 18. g3 Qf5 19. Qf1 Rae8 20. Rae1 b6 21. b4 d3 22. Re3 Nd7 23. cxd3 Nf6 24. dxe4 Qd7 25. Nf3 Re7 26. e5 Nd5 27. Rd3 Qe6 28. Nd4 Qf7 29. a3 Nc7 30. f4 Ne6 31. Nxe6 Rxe6 32. Qf3 Rg6 33. Kh2 Kh8 34. Qd5 Qf5 35. Qe4 Qh5 36. Rf3 Rh6 37. h4 Qg4 38. f5 Qh5 39. e6 Rc8 40. Rd1 Qe8 41. Rd7 Rc2+ 42. Kh3 Rc8 43. Qe5 a5 44. Qxg7# 1-0


[Site "https://www.chess.com"]

[Event "Titled Tuesday Blitz July 11 Early 2023"]
[White "Floresvillar Gonzalez, Luis Migu"]
[Black "Kuchava, Ana"]
[WhiteFideId "5100542"]
[BlackFideId "13605348"]
[WhiteElo "2093"]
[BlackElo "2234"]
[Result "0-1"]
[Round "8"]
[TimeControl "180+2"]
[Date "2023.07.11"]
[WhiteClock "0:00:00"]
[BlackClock "0:00:05"]
[Board "171"]

1. d4 d5 2. c3 Nf6 3. Bf4 Bf5 4. Nd2 e6 5. e3 c6 6. Ngf3 h6 7. Qb3 Qb6 8. Be2 Be7 9. Ne5 Nbd7 10. f3 Nxe5 11. Bxe5 O-O 12. Qxb6 axb6 13. a3 b5 14. Kf2 Nd7 15. e4 dxe4 16. fxe4 Nxe5 17. exf5 Nd7 18. Bd3 e5 19. Nf3 exd4 20. Nxd4 Bc5 21. Rad1 Ne5 22. Be2 Rad8 23. Rhe1 Rfe8 24. Kf1 Kf8 25. Nf3 Ng4 26. Rxd8 Rxd8 27. g3 Ne3+ 28. Kf2 Nc2+ 29. Kf1 Nxe1 30. Kxe1 Be3 31. b3 Ra8 32. a4 bxa4 33. bxa4 Rxa4 34. c4 Ra2 35. Ne5 Ke7 36. f6+ gxf6 37. Ng4 Bd2+ 38. Kd1 h5 39. Nf2 Be3 40. Ne4 Bg1 41. h3 Ke6 42. Bxh5 f5 43. Nd2 Be3 44. Nf3 Rg2 45. g4 fxg4 46. Bxg4+ f5 47. Bh5 Rg3 48. Ne1 Rxh3 49. Bg6 Kf6 50. Be8 Rh1 51. Ke2 Bd4 52. Bd7 c5 53. Nf3 b6 54. Nd2 Ra1 55. Bc6 f4 56. Nf3 Ra2+ 57. Kd3 Ra3+ 58. Ke4 Be3 59. Ne5 Ra1 60. Nd7+ Kg5 61. Nxb6 Ra6 0-1


[Site "https://www.chess.com"]

[Event "Titled Tuesday Blitz July 11 Early 2023"]
[White "Larina, Maria"]
[Black "Goughfather"]
[WhiteFideId "24113182"]
[WhiteElo "2196"]
[BlackElo "2031"]
[Result "1-0"]
[Round "8"]
[TimeControl "180+2"]
[Date "2023.07.11"]
[WhiteClock "0:00:46"]
[BlackClock "0:00:15"]
[Board "172"]

1. e4 c6 2. d4 d5 3. f3 dxe4 4. fxe4 e5 5. Nf3 Bg4 6. Bc4 Nd7 7. c3 Ngf6 8. Qb3 Bd6 9. Bxf7+ Ke7 10. dxe5 Bxe5 11. Nxe5 Nxe5 12. Bc4 b5 13. O-O bxc4 14. Qb4+ Qd6 15. Qa5 Ng6 16. Be3 Nxe4 17. Nd2 Qd5 18. Qc7+ Bd7 19. Nxe4 Rhc8 20. Qg3 Qxe4 21. Bg5+ 1-0


[Site "https://www.chess.com"]

[Event "Titled Tuesday Blitz July 11 Early 2023"]
[White "Skiadopoulos, Nikolaos"]
[Black "Schachpanda_Youtube"]
[WhiteFideId "4200772"]
[WhiteElo "1923"]
[BlackElo "2180"]
[Result "0-1"]
[Round "8"]
[TimeControl "180+2"]
[Date "2023.07.11"]
[WhiteClock "0:02:09"]
[BlackClock "0:02:43"]
[Board "173"]

1. e4 c6 2. d4 d5 3. e5 c5 4. c3 Nc6 5. Nf3 cxd4 6. cxd4 Bg4 7. Bb5 e6 8. Bxc6+ bxc6 9. O-O Ne7 10. h3 Bh5 11. Qa4 Bxf3 12. gxf3 Qb6 13. Nc3 Nf5 14. Ne2 Be7 15. Rb1 O-O 16. Bd2 Nh4 17. f4 Nf3+ 0-1


[Site "https://www.chess.com"]

[Event "Titled Tuesday Blitz July 11 Early 2023"]
[White "Kopacz, Grzegorz"]
[Black "Hartikainen, Jarmo"]
[WhiteFideId "1109880"]
[BlackFideId "503134"]
[WhiteElo "2205"]
[BlackElo "2134"]
[Result "1-0"]
[Round "8"]
[TimeControl "180+2"]
[Date "2023.07.11"]
[WhiteClock "0:00:09"]
[BlackClock "0:00:00"]
[Board "174"]

1. d4 Nf6 2. c4 g6 3. Nc3 d5 4. cxd5 Nxd5 5. e4 Nxc3 6. bxc3 Bg7 7. Nf3 O-O 8. Be2 c5 9. Be3 Nc6 10. O-O b6 11. d5 Na5 12. c4 e6 13. Qd2 exd5 14. exd5 Bd7 15. Bh6 Qf6 16. Rad1 Rfe8 17. Bg5 Qc3 18. Bd3 Nb7 19. Qf4 f6 20. Qc7 Ba4 21. Bd2 Qxd3 22. Bh6 Bxh6 23. Rxd3 Na5 24. Qg3 Rad8 25. Qh4 Bg7 26. d6 Bd7 27. Qf4 Nc6 28. Qd2 f5 29. Re1 Rxe1+ 30. Qxe1 Re8 31. Re3 Rxe3 32. Qxe3 1-0


[Site "https://www.chess.com"]

[Event "Titled Tuesday Blitz July 11 Early 2023"]
[White "Liu, Casper"]
[Black "Cardenas Carbajal, Nilson"]
[WhiteFideId "1454153"]
[BlackFideId "8401128"]
[WhiteElo "2485"]
[BlackElo "2122"]
[Result "1-0"]
[Round "8"]
[TimeControl "180+2"]
[Date "2023.07.11"]
[WhiteClock "0:01:31"]
[BlackClock "0:00:00"]
[Board "175"]

1. h3 d5 2. b3 e5 3. Bb2 Bd6 4. c4 c6 5. cxd5 cxd5 6. Nc3 Nf6 7. Rc1 O-O 8. Nb5 Nc6 9. Nxd6 Qxd6 10. Nf3 Re8 11. e3 d4 12. Bc4 Bf5 13. O-O Bg6 14. Re1 a6 15. a4 Rab8 16. Nh4 b5 17. axb5 axb5 18. Bf1 d3 19. Nxg6 hxg6 20. e4 Rbc8 21. Qf3 Red8 22. Rc3 Qb4 23. Rxd3 Nd4 24. Bxd4 Rxd4 25. Rxd4 exd4 26. e5 Nh5 27. e6 fxe6 28. Rxe6 Qxd2 29. Rxg6 Rc1 30. Qd5+ Kh7 31. Qxh5+ Kg8 32. Qxb5 1-0


[Site "https://www.chess.com"]

[Event "Titled Tuesday Blitz July 11 Early 2023"]
[White "Firouzja, Alireza"]
[Black "Nakamura, Hikaru"]
[WhiteFideId "12573981"]
[BlackFideId "2016192"]
[WhiteElo "3094"]
[BlackElo "3241"]
[Result "0-1"]
[Round "9"]
[TimeControl "180+2"]
[Date "2023.07.11"]
[WhiteClock "0:00:00"]
[BlackClock "0:00:03"]
[Board "1"]

1. e4 a6 2. d4 c6 3. c4 d5 4. cxd5 cxd5 5. e5 Bf5 6. Nc3 Nc6 7. g4 Bg6 8. Nge2 e6 9. a3 f6 10. Nf4 Bf7 11. exf6 Qxf6 12. Be3 Bd6 13. g5 Qd8 14. Bh3 Bxf4 15. Bxf4 Nge7 16. O-O O-O 17. Qd2 Qb6 18. Rad1 Rae8 19. Na4 Qb5 20. Nc5 e5 21. a4 Qc4 22. Be3 exd4 23. Bxd4 Bh5 24. b3 Qe2 25. Rfe1 Qf3 26. Bg2 Qf7 27. Rc1 Nf5 28. Bb2 d4 29. Qf4 Nb4 30. Ba3 a5 31. Bxb4 axb4 32. Nd3 Kh8 33. Ne5 Qxb3 34. Qe4 Qxa4 35. Qxb7 Rb8 36. Qc7 Qe8 37. g6 Bxg6 38. Bd5 Qd8 39. Nxg6+ hxg6 40. Qe5 Qg5+ 41. Kh1 Rbd8 42. Rg1 Rxd5 43. Qxd5 Ng3+ 0-1


[Site "https://www.chess.com"]

[Event "Titled Tuesday Blitz July 11 Early 2023"]
[White "Nihal Sarin"]
[Black "Pranav, V"]
[WhiteFideId "25092340"]
[BlackFideId "25060783"]
[WhiteElo "3047"]
[BlackElo "2962"]
[Result "1-0"]
[Round "9"]
[TimeControl "180+2"]
[Date "2023.07.11"]
[WhiteClock "0:00:07"]
[BlackClock "0:00:00"]
[Board "2"]

1. d4 Nf6 2. Nf3 e6 3. c4 b6 4. g3 Bb7 5. Bg2 Be7 6. O-O O-O 7. Re1 d5 8. cxd5 exd5 9. Nc3 Nbd7 10. Bf4 Re8 11. Rc1 a6 12. Qb3 c5 13. dxc5 Nxc5 14. Qd1 Ne6 15. Be3 Ng4 16. Bd4 Bc5 17. e3 Nf6 18. Na4 Rc8 19. a3 Ne4 20. Be5 f6 21. Bc3 Bc6 22. b4 Bf8 23. Bd4 b5 24. Nc3 Bb7 25. Ne2 Qd7 26. Bh3 Qf7 27. Rxc8 Bxc8 28. Bg2 Bb7 29. Bb2 h5 30. h4 Bd6 31. Nfd4 Qg6 32. Nxe6 Rxe6 33. Nf4 Bxf4 34. exf4 Qf5 35. Bd4 Kh7 36. Kh2 Qg6 37. f5 Qxf5 38. Bh3 Qg6 39. Bxe6 f5 40. Bd7 Qf7 41. Be8 Qxe8 42. f3 f4 43. fxe4 fxg3+ 44. Kxg3 Qg6+ 45. Kh2 dxe4 46. Be3 Qf5 47. Rf1 Qe5+ 48. Bf4 Qb2+ 49. Kg1 Kg6 50. Qd6+ Kh7 51. Qe5 1-0


[Site "https://www.chess.com"]

[Event "Titled Tuesday Blitz July 11 Early 2023"]
[White "Bok, Benjamin"]
[Black "Deac, Bogdan-Daniel"]
[WhiteFideId "1017063"]
[BlackFideId "1226380"]
[WhiteElo "2984"]
[BlackElo "2995"]
[Result "1-0"]
[Round "9"]
[TimeControl "180+2"]
[Date "2023.07.11"]
[WhiteClock "0:00:12"]
[BlackClock "0:00:02"]
[Board "3"]

1. d4 d5 2. c4 e6 3. Nc3 a6 4. cxd5 exd5 5. Nf3 Nf6 6. Bg5 Be6 7. e3 Nbd7 8. h3 h6 9. Bf4 Bf5 10. Qb3 Nb6 11. Be2 Be7 12. O-O O-O 13. Rfc1 c6 14. Ne5 Be6 15. Bh2 Re8 16. Nd3 Nfd7 17. a4 a5 18. Nb5 cxb5 19. Bc7 bxa4 20. Qb5 Qc8 21. Bxb6 Qb8 22. Bc7 Qa7 23. Nf4 Nf6 24. Nxe6 fxe6 25. Bb6 Qb8 26. Rxa4 Rc8 27. Rxc8+ Qxc8 28. Rxa5 Rxa5 29. Bxa5 Ne4 30. g3 Qc2 31. Kg2 Nd6 32. Qd7 Qxe2 33. Qxe7 Ne4 34. Qxe6+ Kh8 35. Qc8+ Kh7 36. Qf5+ Kh8 37. Bc7 Qxb2 38. Qf8+ Kh7 39. Be5 Nf6 40. Bxf6 gxf6 41. Qf7+ 1-0


[Site "https://www.chess.com"]

[Event "Titled Tuesday Blitz July 11 Early 2023"]
[White "Chigaev, Maksim"]
[Black "Erigaisi Arjun"]
[WhiteFideId "4108116"]
[BlackFideId "35009192"]
[WhiteElo "2935"]
[BlackElo "3107"]
[Result "1-0"]
[Round "9"]
[TimeControl "180+2"]
[Date "2023.07.11"]
[WhiteClock "0:00:34"]
[BlackClock "0:00:54"]
[Board "4"]

1. e4 e6 2. d4 d5 3. Nc3 Nf6 4. Bg5 dxe4 5. Nxe4 Be7 6. Nxf6+ gxf6 7. Be3 Bd7 8. Nf3 Bc6 9. g3 h5 10. Bg2 f5 11. h4 Nd7 12. c4 Nf6 13. O-O Ng4 14. Bf4 Be4 15. Re1 c6 16. Qb3 Qb6 17. Ne5 Bxg2 18. Kxg2 Rg8 19. Nxg4 Rxg4 20. d5 Rg6 21. Qf3 O-O-O 22. Rad1 Bxh4 23. dxe6 fxe6 24. Qxh5 Rg4 25. Rxd8+ Bxd8 26. Rxe6 Qd4 27. Qxf5 Qd7 28. Qxg4 1-0


[Site "https://www.chess.com"]

[Event "Titled Tuesday Blitz July 11 Early 2023"]
[White "Narayanan.S.L"]
[Black "Keymer, Vincent"]
[WhiteFideId "5058422"]
[BlackFideId "12940690"]
[WhiteElo "3035"]
[BlackElo "2926"]
[Result "1-0"]
[Round "9"]
[TimeControl "180+2"]
[Date "2023.07.11"]
[WhiteClock "0:00:22"]
[BlackClock "0:00:00"]
[Board "5"]

1. c4 Nf6 2. b3 e5 3. Bb2 Nc6 4. Nf3 e4 5. Nd4 Bc5 6. Nf5 O-O 7. e3 d5 8. cxd5 Bxf5 9. dxc6 bxc6 10. Be2 Qd6 11. O-O Rad8 12. h3 Nd7 13. Nc3 Ne5 14. Na4 Bb4 15. a3 Bxd2 16. b4 a5 17. Bd4 axb4 18. Qxd2 c5 19. Nxc5 Qxc5 20. Bxc5 Rxd2 21. Bxf8 Kxf8 22. Bd1 bxa3 23. Rxa3 Be6 24. Bb3 Rd3 25. Ra8+ Ke7 26. Bxe6 Kxe6 27. Rc1 c6 28. Re8+ Kf5 29. Re7 Kf6 30. Rc7 h5 31. Rb1 Rd7 32. Rxd7 Nxd7 33. Kf1 Ke6 34. Ke2 f5 35. Rb7 g6 36. h4 Kd6 37. f3 exf3+ 38. gxf3 Ke6 39. Ra7 Kd6 40. Ra8 Ke6 41. Rg8 Kf7 42. Rc8 Ne5 43. f4 Ng4 44. Rxc6 Nf6 45. Kd3 Ne4 46. Kd4 Nf2 47. Rc7+ Kf6 48. Rc6+ Kf7 49. Kd5 Ng4 50. Rc7+ Kf6 51. Rc6+ Kf7 52. e4 Nf6+ 53. Ke5 Ng4+ 54. Kd4 fxe4 55. Kxe4 Nh6 56. Ke5 Ng4+ 57. Kd4 Nh6 58. Ke4 Nf5 59. Ke5 Kg7 60. Rc7+ Kh6 61. Kf6 Nxh4 62. Rc8 Kh7 63. Ra8 Nf5 64. Kg5 Ng7 65. Ra7 h4 66. Kxh4 Kh6 67. Kg4 Nh5 68. Ra1 Nf6+ 69. Kf3 Nd5 70. Ke4 Nf6+ 71. Ke5 Ng4+ 72. Ke6 Kg7 73. Rg1 Ne3 74. Rg3 Nf5 75. Rd3 Nh4 76. Rd7+ Kh6 77. Kf6 Kh5 78. Rd4 Nf5 79. Ra4 Kh6 80. Ra1 Kh7 81. Rh1+ Kg8 82. Kxg6 1-0


[Site "https://www.chess.com"]

[Event "Titled Tuesday Blitz July 11 Early 2023"]
[White "Zakhartsov, Vladimir"]
[Black "Kollars, Dmitrij"]
[WhiteFideId "4145097"]
[BlackFideId "12909572"]
[WhiteElo "2921"]
[BlackElo "3009"]
[Result "1/2-1/2"]
[Round "9"]
[TimeControl "180+2"]
[Date "2023.07.11"]
[WhiteClock "0:00:05"]
[BlackClock "0:00:13"]
[Board "6"]

1. d4 Nf6 2. c4 e6 3. Nf3 d5 4. g3 dxc4 5. Bg2 c6 6. Ne5 Bb4+ 7. Nc3 Nd5 8. Bd2 b5 9. Ne4 Be7 10. b3 cxb3 11. axb3 a5 12. O-O O-O 13. Qc2 Bb7 14. Nc5 Bxc5 15. Qxc5 Na6 16. Qc1 Nab4 17. e4 Nf6 18. Bxb4 axb4 19. Qc5 Nd7 20. Nxd7 Qxd7 21. Qxb4 Rfd8 22. Rxa8 Rxa8 23. e5 h6 24. h4 Qd8 25. Rc1 Qb6 26. Rc5 Rd8 27. Qc3 Qa7 28. Be4 Ba8 29. Bxc6 Bxc6 30. Rxc6 Qxd4 31. Qxd4 Rxd4 32. Rc8+ Kh7 33. Rc7 Kg8 34. Rc8+ Kh7 35. Rc7 Kg6 36. h5+ Kxh5 37. Rxf7 Kg6 38. Re7 Kf5 39. Rxg7 Rb4 40. f4 Rxb3 41. Kf2 b4 42. Rh7 Rc3 43. Rb7 b3 44. Kg2 Rc2+ 45. Kf3 Rc3+ 46. Kg2 Ke4 47. Kh3 Kd3 48. f5 exf5 49. e6 Kc2 50. Kh4 b2 51. e7 Re3 52. Rc7+ Kb1 53. Kh5 Ka2 54. Ra7+ Kb3 55. Rb7+ Kc3 56. Rc7+ Kd3 57. Rb7 Kc2 58. Rc7+ Kd1 59. Rb7 Rxe7 60. Rxb2 Rg7 61. Kxh6 Rxg3 62. Rf2 f4 63. Rxf4 Ke2 64. Rf5 Ke3 65. Rg5 Rxg5 66. Kxg5 1/2-1/2


[Site "https://www.chess.com"]

[Event "Titled Tuesday Blitz July 11 Early 2023"]
[White "He, Anthony"]
[Black "Tang, Andrew"]
[WhiteFideId "2088215"]
[BlackFideId "2059630"]
[WhiteElo "3001"]
[BlackElo "2922"]
[Result "1/2-1/2"]
[Round "9"]
[TimeControl "180+2"]
[Date "2023.07.11"]
[WhiteClock "0:00:05"]
[BlackClock "0:00:05"]
[Board "7"]

1. e4 e5 2. Nf3 Nc6 3. Bc4 Nf6 4. d3 h6 5. O-O d6 6. c3 g5 7. Re1 Bg7 8. d4 g4 9. dxe5 gxf3 10. exf6 Qxf6 11. Qxf3 Qxf3 12. gxf3 Rg8 13. Kh1 Be6 14. Be2 O-O-O 15. Be3 d5 16. exd5 Bxd5 17. Nd2 Ne5 18. Rg1 Bc6 19. Rg3 Ng6 20. Bc4 Ne5 21. Be2 h5 22. Rag1 Ng4 23. Nc4 f5 24. h3 Bd5 25. hxg4 hxg4 26. Re1 b5 27. Nd2 Be5 28. Rg2 Rh8+ 29. Kg1 Rh3 30. fxg4 Rdh8 31. f3 Bg3 32. Rxg3 Rxg3+ 33. Kf2 Rgh3 34. Rg1 Rh2+ 35. Rg2 Rxg2+ 36. Kxg2 fxg4 37. Kf2 Rh2+ 38. Kf1 gxf3 39. Nxf3 Bxf3 40. Bxf3 Rxb2 41. Bxa7 Rxa2 42. Bd4 Ra3 43. Ke2 c5 44. Bxc5 Rxc3 45. Bd4 Rxf3 46. Kxf3 b4 47. Ke4 b3 48. Kd3 b2 49. Bxb2 1/2-1/2


[Site "https://www.chess.com"]

[Event "Titled Tuesday Blitz July 11 Early 2023"]
[White "Oparin, Grigoriy"]
[Black "Gordievsky, Dmitry"]
[WhiteFideId "24125890"]
[BlackFideId "24112798"]
[WhiteElo "2959"]
[BlackElo "2914"]
[Result "1-0"]
[Round "9"]
[TimeControl "180+2"]
[Date "2023.07.11"]
[WhiteClock "0:00:33"]
[BlackClock "0:00:01"]
[Board "8"]

1. c4 c5 2. Nc3 g6 3. e3 Nf6 4. d4 Bg7 5. Nf3 cxd4 6. Nxd4 Nc6 7. Be2 O-O 8. O-O d6 9. b3 Nxd4 10. exd4 d5 11. Be3 Bf5 12. c5 Ne4 13. Nxe4 Bxe4 14. Qd2 h5 15. b4 e5 16. Rfd1 Qe7 17. Bf1 Rad8 18. Rac1 Kh7 19. b5 exd4 20. Bxd4 Bh6 21. Be3 Bg7 22. Bg5 f6 23. Be3 f5 24. Bg5 Bf6 25. Bxf6 Qxf6 26. f3 d4 27. fxe4 fxe4 28. c6 e3 29. Qe2 Qe5 30. c7 Rc8 31. Qc4 Rf4 32. g3 Qg5 33. Bh3 Rf2 34. Qxd4 Rcf8 35. c8=Q e2 36. Rc7+ Kh6 37. Qg7# 1-0


[Site "https://www.chess.com"]

[Event "Titled Tuesday Blitz July 11 Early 2023"]
[White "Makarian, Rudik"]
[Black "Turski, Bartlomiej"]
[WhiteFideId "44105681"]
[BlackFideId "21810567"]
[WhiteElo "2949"]
[BlackElo "2898"]
[Result "1-0"]
[Round "9"]
[TimeControl "180+2"]
[Date "2023.07.11"]
[WhiteClock "0:01:41"]
[BlackClock "0:00:36"]
[Board "9"]

1. d4 Nf6 2. c4 g6 3. Nc3 Bg7 4. e4 d6 5. Be2 O-O 6. Be3 c5 7. d5 e6 8. Nf3 exd5 9. cxd5 b5 10. e5 Ng4 11. Bg5 Qb6 12. exd6 b4 13. Ne4 Qa5 14. O-O f6 15. Bf4 Ne5 16. Bxe5 fxe5 17. Nfg5 Nd7 18. Ne6 Ba6 19. Bxa6 Qxa6 20. Nxf8 Rxf8 21. Rc1 Qb6 22. Qg4 Qd8 23. Qe6+ Kh8 24. Nxc5 Nxc5 25. Rxc5 Re8 26. d7 Rxe6 27. Rc8 Bf6 28. dxe6 Kg7 29. Rxd8 Bxd8 30. e7 Bxe7 31. Rc1 1-0


[Site "https://www.chess.com"]

[Event "Titled Tuesday Blitz July 11 Early 2023"]
[White "Zemlyanskii, Ivan"]
[Black "Aravindh, Chithambaram VR."]
[WhiteFideId "24249971"]
[BlackFideId "5072786"]
[WhiteElo "2802"]
[BlackElo "2942"]
[Result "0-1"]
[Round "9"]
[TimeControl "180+2"]
[Date "2023.07.11"]
[WhiteClock "0:00:03"]
[BlackClock "0:00:22"]
[Board "10"]

1. d4 Nf6 2. c4 b6 3. f3 c5 4. d5 e6 5. e4 exd5 6. cxd5 d6 7. Nc3 g6 8. Be3 Bg7 9. a4 O-O 10. Bd3 Na6 11. Nge2 Nb4 12. O-O Nxd3 13. Qxd3 Nd7 14. f4 a6 15. Ng3 h5 16. e5 dxe5 17. f5 e4 18. Qe2 Ne5 19. fxg6 fxg6 20. Rxf8+ Qxf8 21. Rf1 Qd8 22. Ngxe4 Bg4 23. Qc2 Bf5 24. a5 Ng4 25. Bf4 Bd4+ 26. Kh1 Bxc3 27. bxc3 Qxd5 28. Re1 Bxe4 29. Rxe4 Qxe4 0-1


[Site "https://www.chess.com"]

[Event "Titled Tuesday Blitz July 11 Early 2023"]
[White "Dubov, Daniil"]
[Black "Kosteniuk, Alexandra"]
[WhiteFideId "24126055"]
[BlackFideId "4128125"]
[WhiteElo "3074"]
[BlackElo "2793"]
[Result "1-0"]
[Round "9"]
[TimeControl "180+2"]
[Date "2023.07.11"]
[WhiteClock "0:00:13"]
[BlackClock "0:00:00"]
[Board "11"]

1. e4 e5 2. Nf3 Nf6 3. Nc3 Nc6 4. Bc4 Nxe4 5. O-O Nf6 6. d4 exd4 7. Nd5 Be7 8. Nxe7 Nxe7 9. Bg5 d5 10. Bxf6 gxf6 11. Qxd4 dxc4 12. Qxf6 Ng6 13. Qg7 Be6 14. h4 Qe7 15. Rad1 Qf8 16. Qf6 Qe7 17. Qg7 Qf8 18. Qd4 Rg8 19. Rfe1 Qe7 20. h5 Nf8 21. Ne5 Qg5 22. g3 Rd8 23. Qxa7 Nd7 24. Qa4 c6 25. Nxc4 Kf8 26. Nd6 Qc5 27. Qf4 Rg4 28. Qh6+ Kg8 29. Rxe6 Rxg3+ 30. Kf1 Nf8 31. Re4 Rxd6 32. Qxd6 Qxd6 33. Rxd6 Rg5 34. Re8 h6 35. Rdd8 1-0


[Site "https://www.chess.com"]

[Event "Titled Tuesday Blitz July 11 Early 2023"]
[White "Bluebaum, Matthias"]
[Black "Schmakel, Sam"]
[WhiteFideId "24651516"]
[BlackFideId "2039311"]
[WhiteElo "3039"]
[BlackElo "2780"]
[Result "1-0"]
[Round "9"]
[TimeControl "180+2"]
[Date "2023.07.11"]
[WhiteClock "0:01:10"]
[BlackClock "0:00:00"]
[Board "12"]

1. d4 g6 2. c4 Bg7 3. e4 e6 4. Nc3 Ne7 5. Nf3 O-O 6. h4 d5 7. e5 dxc4 8. h5 c5 9. h6 Bh8 10. dxc5 Qxd1+ 11. Kxd1 Nbc6 12. Bf4 Rd8+ 13. Ke1 Nd5 14. Bg5 Rd7 15. Bxc4 Nxc3 16. bxc3 Nxe5 17. Nxe5 Bxe5 18. Ke2 Rc7 19. Rad1 Bd7 20. Rd3 Rxc5 21. Rxd7 Rxc4 22. Rhd1 Re8 23. Rxb7 Rc7 24. Rd7 Rxd7 25. Rxd7 Bxc3 26. Rxa7 Rc8 27. Be3 Kf8 28. a4 Ke8 29. a5 Be5 30. a6 Rc2+ 31. Kd3 Ra2 32. Ra8+ Kd7 33. a7 Ra3+ 34. Ke2 Ra2+ 35. Kf3 f5 36. Rg8 1-0


[Site "https://www.chess.com"]